AoeStats
← SIVey

Arabia

506241700Analyzed
3v3 RM · 18d ago on Sep 12, 2026· 63m 28s· 6 players
Game mode
Random Map
Map size
Normal (6 player)
Population
200
Speed
Normal
Resources
Standard
Victory
Conquest
Starting age
Dark Age
Ending age
Imperial Age
RankedLock teamsTeams togetherTeam positionsShared explorationLock speedFull tech treeHidden civsTurbo modeCheats
Victory
Defeat
🇹🇷 Britons · Türkiye
845
+10
🇨🇱 Cumans · Chile
680
+16
🇹🇷 Ethiopians · Türkiye
475
+25
🇳🇴 Burgundians · Norway
704
-17
🇳🇴 Cumans · Norway
682
-17
🇳🇴 Britons · Norway
681
-17
Börü 𐰋𐰇𐰼𐰇
0:41 Loom
11:31 Feudal Age
12:55 Double-Bit Axe
21:43 Castle Age
21:22 Wheelbarrow
21:11 Horse Collar
21:49 Crossbowman
23:41 Padded Archer Armor
24:19 Bow Saw
25:31 Treadmill Crane
25:57 Gold Mining
27:11 Fletching
27:36 Stone Mining
29:03 Ballistics
29:33 Gold Shaft Mining
30:11 Forging
29:58 Bodkin Arrow
32:05 Yeomen
32:06 Hand Cart
33:41 Leather Archer Armor
33:38 Forging
33:58 Heavy Plow
33:39 Elite Skirmisher
39:18 Imperial Age
36:35 Town Watch
37:05 Fortified Wall
40:29 Iron Casting
39:54 Scale Mail Armor
39:21 Pikeman
40:01 Squires
39:48 Arson
39:41 Elite Longbowman
40:42 Conscription
39:50 Elite Longbowman
42:40 Chemistry
41:36 Murder Holes
43:21 Warwolf
43:26 Halberdier
48:13 Masonry
48:09 Siege Engineers
49:08 Two-Man Saw
50:02 Bracer
50:32 Ring Archer Armor
51:02 Blast Furnace
50:18 Chain Mail Armor
56:34 Caravan
62:40 Town Patrol
alfredo296gomez
4:57 Loom
11:42 Feudal Age
12:21 Double-Bit Axe
14:00 Gold Mining
13:35 Man-at-Arms
17:27 Stone Mining
24:22 Horse Collar
29:42 Castle Age
29:38 Wheelbarrow
28:49 Town Watch
29:12 Scale Barding Armor
29:18 Forging
30:10 Bloodlines
31:44 Iron Casting
31:10 Scale Mail Armor
32:29 Hand Cart
33:01 Gold Shaft Mining
32:40 Bow Saw
32:33 Heavy Plow
32:33 Pikeman
33:19 Squires
33:37 Town Patrol
35:51 Chain Barding Armor
38:42 Imperial Age
40:31 Steppe Husbandry
40:03 Elite Steppe Lancer
42:22 Chain Mail Armor
43:08 Blast Furnace
42:46 Plate Barding Armor
44:26 Fletching
44:37 Padded Archer Armor
59:05 Chain Mail Armor
BobySlam⭕⃤
0:38 Loom
1:29 Loom
10:01 Feudal Age
11:53 Double-Bit Axe
19:59 Castle Age
19:20 Fletching
19:30 Padded Archer Armor
20:37 Town Watch
20:57 Horse Collar
20:52 Crossbowman
24:40 Bodkin Arrow
24:45 Padded Archer Armor
26:21 Thumb Ring
27:43 Bow Saw
31:21 Heavy Plow
32:21 Ballistics
36:12 Forging
36:04 Scale Mail Armor
40:08 Heated Shot
40:31 Royal Heirs
41:26 Gold Mining
41:26 Stone Mining
42:37 Wheelbarrow
47:21 Imperial Age
48:22 Conscription
47:24 Elite Shotel Warrior
49:08 Chemistry
51:26 Arbalester
58:14 Heavy Scorpion
Loomy
6:38 Double-Bit Axe
12:53 Feudal Age
11:28 Horse Collar
13:56 Heavy Plow
16:34 Scale Barding Armor
17:03 Forging
19:03 Wheelbarrow
19:14 Wheelbarrow
21:13 Man-at-Arms
22:31 Hand Cart
23:29 Bow Saw
23:15 Gold Mining
23:16 Stone Mining
23:25 Arson
26:43 Castle Age
28:43 Stone Shaft Mining
28:43 Gold Shaft Mining
29:07 Gold Shaft Mining
29:56 Iron Casting
29:42 Chain Barding Armor
34:52 Caravan
36:22 Two-Man Saw
36:47 Cavalier
43:38 Imperial Age
44:13 Elite Coustillier
45:37 Husbandry
46:11 Conscription
49:11 Blast Furnace
SIVey
11:24 Feudal Age
11:48 Horse Collar
13:10 Wheelbarrow
12:55 Double-Bit Axe
18:55 Stone Mining
18:56 Gold Mining
24:09 Castle Age
24:15 Castle Age
22:45 Padded Archer Armor
22:35 Fletching
25:40 Bow Saw
25:36 Heavy Plow
26:15 Gold Shaft Mining
26:04 Hand Cart
26:44 Leather Archer Armor
26:25 Bodkin Arrow
26:55 Loom
32:37 Imperial Age
33:51 Ring Archer Armor
33:21 Bracer
33:12 Elite Longbowman
35:10 Conscription
42:03 Two-Man Saw
46:02 Chemistry
45:24 Ballistics
46:11 Chemistry
Aurelius
11:24 Feudal Age
11:54 Double-Bit Axe
14:40 Wheelbarrow
19:22 Gold Mining
19:59 Horse Collar
24:46 Castle Age
22:50 Stone Mining
24:05 Town Watch
25:27 Heavy Plow
26:04 Fletching
26:14 Padded Archer Armor
26:27 Scale Barding Armor
26:52 Bow Saw
27:51 Hand Cart
30:40 Ballistics
33:02 Imperial Age
30:42 Murder Holes
31:56 Steppe Husbandry
32:39 Bodkin Arrow
33:00 Leather Archer Armor
33:06 Chain Barding Armor
33:01 Forging
34:49 Two-Man Saw
34:37 Conscription
36:27 Chemistry
36:01 Ring Archer Armor
36:15 Gold Shaft Mining
36:02 Elite Kipchak
37:08 Elite Steppe Lancer
42:02 Bloodlines
43:47 Plate Barding Armor
Connection lost

Rejoining the realm…

Still unreachable

The connection could not be restored.

Session expired

The server has moved on; the page needs a fresh start.